Map: Arctic Dream LE

Players

qqq

  • Race: Zerg Zerg
  • Spawn Location: 11:00

Massa

  • Race: Terran Terran
  • League: Platinum
  • Spawn Location: 12:00

Valdis - Winner!

  • Race: Zerg Zerg
  • Spawn Location: 5:00

Fiboniker - Winner!

  • Race: Terran Terran
  • League: Diamond
  • Spawn Location: 6:00

VOD

Have the link to the VOD?

Description

Time

  • Played on: Nov. 13, 2020, 5:09 p.m.
  • Length: 18:08
Show
View Real Time Build Order
Export as new Build Order

qqq Zerg 

Build Orders: Hatch First 

Get SALT Encoding   

  12  0:00  Drone  
  13  0:10  Drone  
  14  0:27  Overlord  
  14  0:43  Hatchery  
  13  0:55  Drone  
  13  0:56  Drone  
  16  0:57  Drone  
  16  1:12  Spawning Pool  
  16  1:16  Drone  
  16  1:19  Extractor  
  16  1:22  Drone  
  16  1:34  Drone  
  17  1:41  Drone  
  18  1:50  Drone  
  19  1:56  Drone  
  19  1:59  Queen  
  19  2:01  Queen  
  24  2:04  Drone  
  25  2:12  Overlord  
  25  2:15  Drone  
  26  2:24  Zergling x2  
  26  2:26  Zergling x2  
  26  2:28  Metabolic Boost  
  28  2:42  Zergling x2  
  29  2:48  Zergling x6  
  32  3:01  Zergling x6  
  35  3:09  Baneling Nest  
  35  3:10  Overlord  
  34  3:13  Zergling x4  
  34  3:14  Overlord  
  36  3:28  Overlord x2  
  36  3:30  Drone  
  37  3:52  Zergling x8  
  37  3:53  Zergling x6  
  37  3:55  Baneling x3  
  40  4:21  Lair  
  40  4:28  Hatchery  
  38  4:52  Zergling x6  
  41  4:59  Roach Warren  
  40  5:11  Drone x6  
  40  5:12  Drone x3  
  49  5:18  Baneling x3  
  49  5:19  Baneling x2  
  49  5:23  Zergling x2  
  49  5:24  Drone, Zergling x2  
  52  5:31  Extractor  
  52  5:32  Extractor  
  51  5:35  Drone x2  
  51  5:36  Drone  
  51  5:37  Drone  
  51  5:39  Drone  
  55  5:56  Drone x4  
  59  5:57  Spire  
  59  6:03  Extractor  
  57  6:06  Drone x2  
  59  6:18  Drone x4  
  62  6:20  Drone x4  
  62  6:21  Drone  
  62  6:23  Drone  
  69  6:27  Overlord  
  69  6:40  Queen  
  69  6:46  Infestation Pit, Overlord  
  70  6:47  Overlord  
  70  6:48  Overlord  
  70  6:49  Drone x2  
  70  6:50  Drone  
  70  6:52  Extractor  
  72  6:57  Extractor  
  70  7:09  Drone x3  
  70  7:10  Drone x3  
  70  7:11  Mutalisk x3  
  70  7:15  Zerg Flyer Weapons Level 1  
  82  7:18  Spore Crawler  
  82  7:21  Spore Crawler  
  80  7:27  Drone x4  
  80  7:28  Drone  
  85  7:34  Mutalisk x2  
  89  7:37  Mutalisk  
  86  7:53  Mutalisk x2  
  86  7:54  Mutalisk x2  
  94  8:01  Overseer  
  94  8:06  Hive  
  94  8:08  Drone x3  
  94  8:09  Overlord  
  97  8:20  Overlord  
  97  8:28  Mutalisk x3  
  97  8:31  Drone  
  104  8:37  Drone  
  104  8:38  Drone x2  
  104  8:39  Overlord  
  104  8:40  Mutalisk  
  109  8:42  Mutalisk  
  109  8:43  Hatchery  
  110  8:54  Roach  
  112  8:56  Glial Reconstitution  
  112  8:57  Overlord x3  
  112  8:58  Drone  
  112  9:01  Drone  
  114  9:10  Pneumatized Carapace  
  114  9:22  Corruptor x4  
  114  9:23  Corruptor  
  122  9:35  Viper  
  122  9:37  Drone x3  
  122  9:38  Drone x2  
  130  9:58  Drone, Mutalisk x3  
  137  10:00  Hatchery  
  137  10:04  Overlord, Viper  
  137  10:05  Overlord x3  
  138  10:32  Mutalisk x2  
  138  10:33  Viper  
  133  10:39  Drone x3  
  136  10:43  Hatchery  
  124  10:55  Mutalisk x4  
  124  11:09  Hatchery  
  123  11:15  Mutalisk x3  
  123  11:17  Drone x3  
  132  11:22  Extractor  
  132  11:23  Extractor  
  128  11:31  Drone  
  128  11:32  Mutalisk x3  
  135  11:33  Zergling x4  
  135  11:34  Zergling x8  
  141  11:46  Zerg Flyer Armor Level 1  
  141  11:57  Spore Crawler  
  141  11:58  Spore Crawler  
  141  12:01  Spine Crawler x2  
  129  12:23  Mutalisk x5  
  129  12:24  Mutalisk x2  
  129  12:25  Drone x4  
  147  12:35  Drone, Mutalisk x2  
  150  12:54  Mutalisk x4  
  158  13:09  Zergling x2  
  158  13:10  Zergling x14  
  166  13:13  Centrifical Hooks  
  166  13:16  Evolution Chamber  
  166  13:17  Evolution Chamber  
  164  13:21  Mutalisk x3  
  170  13:52  Mutalisk x4  
  170  13:53  Mutalisk x2  
  171  14:03  Spine Crawler  
  171  14:05  Spine Crawler  
  159  14:35  Mutalisk  
  159  14:36  Mutalisk x4  
  166  15:08  Overlord x6  
  166  15:09  Overlord  
  166  15:15  Hatchery  
  166  15:18  Hatchery  
  165  15:25  Hatchery  
  138  16:01  Mutalisk x2  
  138  16:02  Mutalisk x5  
  152  16:11  Greater Spire  
  144  16:22  Hatchery  
  143  16:26  Hatchery  
  143  16:31  Ultralisk Cavern  
  108  17:17  Corruptor x4  
  108  17:18  Mutalisk x4  
  108  17:19  Mutalisk  
Show
View Real Time Build Order
Export as new Build Order

Massa Terran 

Build Orders: Reaper Expand 

Get SALT Encoding   

  12  0:00  SCV  
  13  0:12  SCV  
  14  0:17  Supply Depot  
  14  0:25  SCV  
  15  0:38  SCV  
  15  0:40  Barracks  
  16  0:47  Refinery  
  16  0:51  SCV  
  17  1:03  SCV  
  18  1:15  SCV  
  19  1:30  Orbital Command  
  19  1:32  Reaper  
  20  1:41  Command Center  
  20  1:57  SCV  
  21  2:03  Marine  
  21  2:04  Supply Depot  
  22  2:09  SCV  
  23  2:15  Factory  
  23  2:26  SCV  
  23  2:28  Barracks Reactor  
  24  2:33  Command Center  
  22  3:21  Hellion  
  22  3:22  Marine x2  
  26  3:39  Marine  
  26  3:40  Marine  
  27  3:43  Hellion  
  28  3:51  SCV  
  28  3:52  Orbital Command  
  28  3:54  Orbital Command  
  29  3:57  Marine x2  
  31  4:03  SCV  
  31  4:05  Factory Reactor  
  32  4:11  Barracks  
  32  4:15  SCV, Marine x2  
  32  4:16  Barracks  
  35  4:17  Starport  
  35  4:21  Refinery  
  35  4:23  SCV x2  
  37  4:27  SCV  
  38  4:33  Marine x2  
  38  4:35  SCV x2  
  42  4:51  Marine  
  43  4:55  Armory  
  40  5:02  Hellion  
  40  5:03  Hellion  
  40  5:04  Barracks Tech Lab  
  40  5:05  Barracks Tech Lab, Marine  
  45  5:09  Marine  
  46  5:16  Medivac  
  46  5:19  SCV  
  46  5:20  SCV x2  
  51  5:23  Marine  
  51  5:24  Hellion x2  
  51  5:25  Refinery  
  51  5:26  Refinery, Marine  
  57  5:30  Engineering Bay  
  57  5:32  SCV x3  
  60  5:44  SCV  
  61  5:50  Hellion  
  61  5:55  Supply Depot  
  61  6:01  Supply Depot  
  61  6:10  Missile Turret  
  61  6:15  Missile Turret  
  61  6:16  Marine x2  
  61  6:17  SCV, Marauder x2  
  68  6:19  Missile Turret, Supply Depot  
  68  6:22  Missile Turret  
  68  6:24  Stimpack, Supply Depot  
  68  6:30  Medivac  
  70  6:34  Marine  
  70  6:38  Marauder  
  73  6:41  SCV x3  
  76  6:47  Supply Depot  
  76  6:53  SCV x3  
  79  7:05  SCV x2  
  81  7:09  Marine x2  
  81  7:11  Widow Mine x2  
  81  7:15  Starport Reactor  
  87  7:21  Factory  
  87  7:27  Marine x2  
  89  7:32  Widow Mine x2  
  89  7:34  Orbital Command  
  89  7:36  SCV x2  
  95  7:39  Missile Turret  
  95  7:48  SCV x2, Missile Turret  
  95  7:50  Missile Turret  
  97  7:54  Widow Mine x2  
  101  8:01  Missile Turret  
  101  8:08  Supply Depot  
  101  8:09  Supply Depot  
  101  8:10  Supply Depot  
  101  8:11  Supply Depot  
  101  8:18  Factory Tech Lab  
  101  8:19  Combat Shield  
  101  8:20  Concussive Shells  
  101  8:22  Missile Turret  
  101  8:25  Engineering Bay  
  101  8:30  SCV x3  
  101  8:32  Refinery  
  104  8:34  Refinery  
  104  8:36  Barracks  
  104  8:39  Barracks  
  104  8:42  SCV x3  
  104  8:44  Missile Turret  
  107  8:51  Drilling Claws  
  107  8:58  SCV x2  
  107  8:59  SCV  
  110  9:03  Command Center  
  110  9:10  SCV x2  
  110  9:11  SCV  
  110  9:14  Marauder x2, Marine  
  110  9:15  Marine  
  110  9:17  Barracks  
  119  9:22  SCV  
  119  9:23  SCV x2, Barracks  
  122  9:32  Marine x2  
  122  9:33  Widow Mine x2  
  122  9:36  Marauder x2  
  132  10:00  Engineering Bay  
  132  10:02  Marauder  
  132  10:04  Marauder, Engineering Bay  
  133  10:08  Widow Mine  
  133  10:10  Smart Servos  
  132  10:21  Supply Depot x2  
  132  10:22  Supply Depot  
  132  10:23  Supply Depot x2  
  132  10:31  Barracks Reactor, Barracks Tech Lab  
  132  10:38  Missile Turret x2  
  132  10:40  Missile Turret  
  138  10:42  Widow Mine x2  
  138  10:43  Widow Mine  
  138  10:47  Supply Depot  
  138  10:49  Supply Depot  
  138  10:50  Supply Depot  
  142  11:04  Widow Mine x3  
  142  11:09  Marine  
  142  11:10  Marauder x2, Marine x2  
  146  11:31  Marauder, Siege Tank  
  149  11:34  Widow Mine x2  
  149  11:35  Marine  
  149  11:36  Marine x2  
  156  11:47  Terran Infantry Armor Level 1, Terran Infantry Weapons Level 1  
  156  11:53  Missile Turret  
  156  11:54  Missile Turret  
  156  11:55  Widow Mine x2  
  160  12:03  Siege Tank  
  163  12:11  Barracks Tech Lab  
  163  12:13  Marauder x2, Missile Turret  
  163  12:14  Marine x3  
  173  12:17  Missile Turret  
  173  12:19  Barracks Tech Lab  
  173  12:20  Marine  
  174  12:31  Starport  
  174  12:32  Marine x3  
  174  12:35  Marauder  
  175  12:38  Marine  
  176  12:50  Marine  
  177  12:56  Marauder  
  177  12:57  Raven  
  181  13:17  Marauder  
  183  13:26  Marauder x2, Marine x2  
  183  13:27  Marine x4  
  192  13:39  Raven, Marauder  
  196  13:44  Marine  
  197  13:56  Marauder  
  197  13:57  Marauder  
  125  14:30  Marauder  
  125  14:31  Marauder x2, Marine x6  
  119  14:35  Raven  
  119  14:45  Orbital Command  
  119  14:48  Marine  
  119  14:49  Marine x5  
  119  14:52  Marauder x3  
  131  15:00  Terran Infantry Weapons Level 2  
  131  15:01  Terran Infantry Armor Level 2  
  131  15:06  Marine  
  132  15:07  Marine x5  
  132  15:13  Marauder x3  
  143  15:24  Marine  
  144  15:34  Marauder  
  144  15:35  Marauder x2  
  150  15:56  Marauder x2  
  138  16:07  SCV x3  
  141  16:19  SCV x3  
  144  16:31  SCV  
  145  16:33  Marauder x2, Marine x4  
  145  16:37  Command Center  
  153  17:02  Siege Tank  
  153  17:03  Widow Mine  
  153  17:04  Widow Mine  
  160  17:25  Widow Mine x2  
  164  17:34  Siege Tank  
  155  17:46  Widow Mine  
Show
View Real Time Build Order
Export as new Build Order

Valdis Zerg - Winner!

Build Orders: Pool First 

Get SALT Encoding   

  12  0:04  Drone  
  13  0:12  Overlord  
  13  0:16  Drone  
  14  0:31  Drone x2  
  16  0:39  Drone  
  17  0:51  Drone, Extractor  
  17  0:55  Spawning Pool  
  16  0:59  Drone  
  17  1:21  Hatchery  
  17  1:22  Drone  
  17  1:23  Drone  
  18  1:41  Queen  
  18  1:42  Zergling x4  
  22  1:52  Overlord  
  22  1:55  Metabolic Boost  
  22  2:17  Queen  
  22  2:22  Drone x2  
  26  2:24  Drone  
  27  2:33  Drone  
  27  2:35  Drone  
  29  2:46  Queen, Baneling Nest  
  30  2:56  Drone x6  
  35  3:22  Overlord x2  
  35  3:36  Zergling x4  
  35  3:39  Overlord  
  36  3:43  Spine Crawler, Zergling x10  
  40  3:56  Baneling x4  
  40  3:59  Zergling x6  
  40  4:00  Zergling x8  
  46  4:14  Hatchery, Zergling x6  
  48  4:26  Lair  
  48  4:33  Queen  
  47  4:54  Extractor  
  47  4:55  Extractor  
  47  4:56  Extractor  
  47  4:58  Overlord x3  
  44  5:05  Drone x4  
  44  5:06  Drone x3  
  51  5:11  Evolution Chamber  
  50  5:30  Spire  
  49  5:36  Zerg Melee Weapons Level 1  
  49  5:41  Queen  
  51  5:48  Drone  
  51  5:49  Drone x8  
  60  5:50  Drone  
  60  5:54  Drone  
  62  6:05  Drone  
  63  6:18  Pneumatized Carapace  
  63  6:23  Extractor  
  63  6:24  Drone x3  
  65  6:25  Extractor  
  65  6:26  Drone x3  
  65  6:30  Drone x4  
  71  6:46  Mutalisk, Zerg Flyer Weapons Level 1  
  71  6:47  Mutalisk x3  
  79  6:59  Mutalisk x3  
  85  7:01  Overlord  
  85  7:11  Mutalisk x2  
  89  7:19  Overlord  
  89  7:20  Overlord x2  
  89  7:22  Mutalisk  
  91  7:33  Overlord x2  
  91  7:34  Mutalisk  
  91  7:35  Mutalisk  
  93  7:54  Mutalisk x5  
  93  7:57  Overseer  
  102  8:14  Mutalisk x2  
  106  8:20  Mutalisk  
  106  8:21  Mutalisk  
  110  8:32  Hatchery  
  109  8:39  Mutalisk  
  109  8:40  Zerg Flyer Armor Level 1  
  111  8:50  Mutalisk x2  
  111  8:52  Drone  
  111  8:53  Drone x6  
  122  9:07  Mutalisk  
  122  9:08  Mutalisk x2  
  128  9:11  Drone  
  129  9:21  Mutalisk  
  129  9:22  Mutalisk  
  133  9:33  Mutalisk x2  
  135  9:40  Extractor  
  135  9:41  Mutalisk  
  136  9:46  Zergling x2  
  136  9:47  Zergling x12  
  136  9:49  Overlord x6  
  133  10:12  Drone  
  133  10:13  Drone x10  
  144  10:26  Mutalisk x5  
  144  10:27  Mutalisk x2  
  154  10:33  Mutalisk  
  139  10:39  Extractor  
  139  10:42  Overlord x3  
  132  10:55  Zergling x2  
  132  10:56  Zergling x22  
  144  11:00  Zerg Flyer Weapons Level 2  
  144  11:03  Centrifical Hooks, Zerg Ground Armor Level 1  
  144  11:10  Drone x5  
  144  11:11  Drone  
  150  11:16  Hatchery  
  149  11:25  Overseer  
  149  11:32  Drone x4  
  153  11:33  Drone x7  
  158  11:44  Queen  
  158  11:45  Evolution Chamber  
  159  11:48  Overseer  
  148  12:08  Zergling x2  
  148  12:09  Zergling x28  
  162  12:26  Hydralisk Den  
  162  12:33  Infestation Pit  
  162  12:34  Zerg Melee Weapons Level 2  
  161  12:38  Spore Crawler x2  
  161  12:39  Drone  
  161  12:40  Drone x6, Spine Crawler, Overlord x5  
  161  12:41  Overlord  
  165  12:48  Baneling  
  165  12:49  Baneling x12  
  165  13:03  Zergling x2  
  165  13:04  Zergling x30  
  181  13:09  Hive  
  181  13:13  Zerg Ground Armor Level 2  
  181  13:19  Hydralisk Den  
  180  13:27  Extractor, Overseer  
  180  13:28  Zerg Flyer Armor Level 2  
  180  13:30  Extractor  
  118  13:44  Spore Crawler  
  118  13:45  Zergling x2  
  118  13:46  Zergling x34, Spore Crawler  
  118  13:47  Zergling x4, Spore Crawler  
  135  13:51  Grooved Spines  
  135  13:52  Hydralisk x4  
  143  13:57  Spore Crawler  
  143  13:59  Spore Crawler  
  143  14:00  Spore Crawler  
  139  14:04  Hydralisk x3  
  139  14:05  Hydralisk x2  
  146  14:12  Hydralisk x3  
  146  14:13  Hydralisk x4  
  152  14:19  Hydralisk x3  
  131  14:26  Spore Crawler  
  131  14:28  Spore Crawler  
  131  14:29  Spore Crawler x2  
  131  14:30  Hydralisk x4  
  131  14:31  Hydralisk x3, Spore Crawler  
  132  14:40  Viper  
  132  14:41  Viper x2  
  139  14:48  Drone x4  
  143  14:56  Spore Crawler  
  143  14:58  Spore Crawler  
  143  14:59  Drone  
  142  15:00  Drone x3  
  142  15:02  Zerg Melee Weapons Level 3  
  142  15:03  Muscular Augments  
  145  15:11  Ultralisk Cavern  
  144  15:21  Hatchery  
  142  15:56  Burrow  
  140  15:57  Chitinous Plating  
  140  15:59  Drone  
  140  16:00  Drone x9  
  150  16:20  Drone x3  
  150  16:22  Drone x2  
  150  16:23  Drone x4  
  159  16:45  Overseer x2  
  158  16:56  Ultralisk  
  158  16:57  Ultralisk x2  
  158  17:16  Anabolic Synthesis  
  158  17:18  Viper x5  
  165  17:35  Spore Crawler  
  165  17:36  Spore Crawler x2  
  150  17:37  Spore Crawler  
  150  17:41  Mutalisk  
  150  17:42  Mutalisk x12  
Show
View Real Time Build Order
Export as new Build Order

Fiboniker Terran - Winner!

Build Orders:  

Get SALT Encoding   

  12  0:00  SCV  
  13  0:13  SCV  
  14  0:17  Supply Depot  
  14  0:25  SCV  
  15  0:31  Refinery  
  15  0:39  SCV  
  16  0:47  Barracks  
  16  0:51  SCV  
  17  1:03  SCV  
  18  1:15  SCV  
  19  1:29  SCV  
  20  1:34  Reaper  
  21  1:41  Orbital Command  
  21  1:48  Command Center  
  21  2:06  Factory  
  21  2:11  Barracks Reactor  
  21  2:12  Supply Depot  
  21  2:15  SCV  
  22  2:22  Refinery  
  22  2:27  SCV  
  23  2:39  SCV  
  24  3:02  Starport  
  24  3:08  Command Center  
  24  3:23  Hellion x2  
  24  3:24  SCV  
  24  3:26  Orbital Command  
  29  3:41  SCV  
  29  3:44  Hellion x2  
  34  3:54  Starport Reactor  
  33  3:56  Barracks  
  33  4:00  Barracks Tech Lab  
  33  4:05  Hellion  
  35  4:16  SCV x2  
  37  4:19  Stimpack  
  37  4:25  Orbital Command  
  37  4:30  SCV  
  38  4:33  Viking  
  40  4:40  SCV  
  40  4:42  SCV  
  42  4:47  Factory Tech Lab  
  42  4:53  Marine  
  43  5:10  Siege Tank  
  43  5:11  Marine  
  43  5:14  Barracks  
  47  5:16  SCV x2, Barracks  
  47  5:18  Barracks x2  
  47  5:20  SCV  
  50  5:23  Marine  
  50  5:28  SCV x2, Marine  
  53  5:29  Marine  
  53  5:32  SCV  
  56  5:40  SCV x2, Engineering Bay  
  56  5:41  Engineering Bay, Marine  
  59  5:44  SCV  
  59  5:46  Marine  
  61  6:04  Barracks Reactor  
  61  6:05  Barracks Reactor  
  61  6:07  Supply Depot x2  
  61  6:08  Terran Infantry Weapons Level 1, Supply Depot  
  61  6:09  Terran Infantry Armor Level 1  
  61  6:10  Supply Depot  
  61  6:11  Supply Depot  
  61  6:13  Missile Turret  
  61  6:19  SCV x3, Marine x3  
  61  6:20  Barracks Reactor  
  61  6:22  Barracks Reactor  
  67  6:31  SCV x3, Supply Depot  
  70  6:32  Supply Depot  
  70  6:37  Refinery, Marine  
  70  6:39  Marine x2  
  71  6:40  Refinery  
  71  6:42  Medivac  
  71  6:44  SCV x2  
  71  6:45  Orbital Command, Medivac  
  79  6:52  Combat Shield  
  79  6:57  SCV x2  
  81  7:04  Armory  
  81  7:09  SCV x2  
  81  7:14  SCV  
  84  7:15  Marine x2  
  84  7:16  Refinery  
  84  7:21  SCV x2  
  88  7:23  Refinery  
  88  7:24  Marine x2  
  88  7:25  Marauder, Marine x2  
  88  7:26  SCV  
  95  7:33  SCV  
  95  7:35  SCV  
  97  7:37  Marine x3  
  97  7:38  Siege Tank  
  97  7:39  SCV  
  104  7:45  SCV  
  104  7:47  SCV, Factory  
  104  7:48  Marauder, Marine x5  
  104  7:49  Marine  
  114  7:52  Terran Vehicle Weapons Level 1  
  114  7:54  Supply Depot  
  114  7:55  Marine  
  114  7:56  SCV  
  114  7:57  SCV  
  117  7:59  SCV  
  117  8:02  Missile Turret  
  117  8:05  Terran Infantry Weapons Level 2, Missile Turret  
  118  8:09  Missile Turret  
  118  8:11  Terran Infantry Armor Level 2, Missile Turret  
  118  8:21  Marine  
  118  8:22  Marine x4  
  118  8:23  Marine x6  
  118  8:24  Siege Tank  
  132  8:28  Supply Depot  
  132  8:34  Factory Tech Lab  
  132  8:37  Missile Turret  
  132  8:39  Marine  
  133  8:49  Marine x3, Supply Depot  
  133  8:50  Marauder, Marine x3, Medivac  
  133  8:53  Supply Depot  
  133  8:54  Supply Depot  
  143  8:57  Supply Depot  
  143  9:11  SCV x3  
  146  9:24  Marine  
  144  9:34  Thor  
  144  9:36  Command Center, Siege Tank  
  153  9:42  Hellion x5  
  153  9:44  Command Center  
  153  9:51  Terran Vehicle Weapons Level 2  
  153  10:08  Factory  
  153  10:11  Starport  
  153  10:14  Refinery  
  153  10:15  Refinery  
  153  10:16  Missile Turret  
  153  10:21  Hellion x5  
  134  11:27  Marine  
  134  11:28  Marine x8  
  134  11:30  Factory Tech Lab  
  143  11:33  Starport Tech Lab  
  143  11:34  Thor  
  143  11:35  Factory, Siege Tank  
  143  11:36  Medivac x2  
  143  11:38  Planetary Fortress  
  156  11:40  SCV x2, Missile Turret  
  156  11:41  Terran Infantry Weapons Level 3, Terran Infantry Armor Level 3  
  158  11:47  Armory  
  158  11:48  Fusion Core  
  158  11:49  Planetary Fortress  
  158  11:52  Refinery  
  158  11:58  Thor  
  158  11:59  Marine x11  
  173  12:16  Marine  
  173  12:18  Marauder  
  176  12:34  Missile Turret  
  176  12:38  Factory Tech Lab  
  176  12:40  Battlecruiser  
  176  12:41  Weapon Refit  
  176  12:43  Terran Ship Weapons Level 1  
  182  12:44  Terran Vehicle And Ship Armor Level 1  
  169  13:14  SCV  
  169  13:15  SCV x4  
  174  13:26  SCV  
  175  13:27  SCV x4  
  179  13:38  SCV  
  179  13:39  SCV x4  
  154  14:20  Advanced Ballistics  
  154  14:30  Marine x6  
  154  14:31  Marauder, Marine x2, Thor x2, Siege Tank  
  160  14:32  Siege Tank  
  166  15:04  Thor, Siege Tank  
  175  15:12  Missile Turret x4  
  175  15:28  Thor  
  175  15:31  Battlecruiser  
  186  15:46  Thor  
  180  16:35  Battlecruiser  
  180  16:38  Command Center  
  185  16:40  Refinery, Command Center  
  185  16:47  Command Center  
  177  17:23  Marine  
  177  17:24  Marine x10  
  177  17:25  Siege Tank x2  
  195  18:07  Missile Turret  
Tags
 
Add a new tag
Caveats
  • Supply blocks, unpowered buildings, or Contaminate may cause inaccurate times.
  • Supply counts are checked every 10 seconds.